Map: Ever Dream LE

Players

llllllllllll

  • Race: Zerg Zerg
  • League: Master
  • Spawn Location: 7:00

llllllllllll - Winner!

  • Race: Terran Terran
  • League: Grandmaster
  • Spawn Location: 1:00

VOD

Have the link to the VOD?

Description

This is one of the most commonly used builds in TvZ now. The build order starts with a 16 Refinery Reaper expand that gets two Marines for Overlord hunting.

Time

  • Played on: April 19, 2020, 4:03 a.m.
  • Length: 23:13
Show
View Real Time Build Order
Export as new Build Order

llllllllllll Zerg 

Build Orders: Hatch First, Swarm Host 

Get SALT Encoding   

  12  0:00  Drone  
  13  0:12  Overlord  
  13  0:17  Drone  
  14  0:31  Drone x2  
  16  0:47  Hatchery  
  15  0:51  Drone  
  15  0:54  Drone  
  17  0:57  Drone  
  18  1:08  Extractor  
  17  1:13  Spawning Pool  
  17  1:16  Drone  
  17  1:19  Drone  
  18  1:29  Drone  
  19  1:39  Drone  
  20  1:45  Hatchery  
  19  1:49  Drone  
  20  2:00  Queen  
  22  2:01  Zergling x2  
  22  2:04  Zergling x2  
  24  2:14  Queen  
  26  2:19  Overlord  
  26  2:23  Drone  
  26  2:25  Drone  
  28  2:33  Metabolic Boost  
  28  2:38  Queen  
  30  2:44  Drone x2  
  31  2:55  Drone x2  
  33  2:58  Overlord  
  33  3:04  Drone x4  
  37  3:11  Overlord  
  37  3:16  Queen  
  37  3:18  Drone  
  40  3:22  Drone  
  40  3:23  Overlord  
  41  3:30  Extractor  
  41  3:31  Extractor  
  41  3:33  Roach Warren  
  38  3:39  Drone x3  
  41  3:48  Drone x2  
  41  3:49  Drone x3  
  41  3:51  Drone  
  47  4:07  Overlord x2  
  47  4:13  Roach x4  
  47  4:14  Roach  
  57  4:28  Roach x5  
  67  4:35  Ravager x3  
  67  4:37  Overlord x2  
  70  4:49  Ravager  
  70  4:50  Zergling x4  
  73  4:56  Zergling x14  
  81  5:00  Ravager  
  81  5:03  Drone  
  81  5:04  Drone x2  
  81  5:07  Drone x4  
  82  5:16  Drone  
  82  5:17  Drone x4  
  81  5:21  Drone  
  81  5:25  Drone  
  79  5:31  Drone x2  
  74  5:36  Drone  
  74  5:40  Drone  
  74  5:41  Drone  
  69  5:45  Lair  
  69  5:46  Spore Crawler x2  
  69  5:48  Spore Crawler  
  62  5:53  Zergling x6  
  62  5:56  Zergling x2  
  66  6:01  Drone  
  66  6:02  Zergling x10  
  72  6:09  Drone x2  
  74  6:14  Queen  
  74  6:15  Drone x5  
  81  6:26  Drone x3  
  81  6:30  Extractor x2  
  82  6:41  Drone x2  
  82  6:42  Drone  
  85  6:56  Hatchery, Overseer  
  85  6:58  Baneling Nest  
  85  7:00  Drone x2, Hydralisk Den  
  85  7:01  Drone x3  
  87  7:02  Hatchery, Extractor  
  76  7:26  Drone  
  76  7:27  Queen  
  79  7:34  Evolution Chamber  
  79  7:35  Evolution Chamber, Overlord x2  
  77  7:41  Centrifical Hooks  
  77  7:46  Zergling x10  
  77  7:47  Zergling x16  
  88  7:56  Queen x2  
  92  7:58  Grooved Spines  
  92  8:03  Queen  
  92  8:04  Zerg Missile Weapons Level 1  
  92  8:05  Zerg Melee Weapons Level 1  
  94  8:08  Overlord x4  
  94  8:11  Infestation Pit  
  93  8:20  Spire  
  92  8:29  Pneumatized Carapace  
  92  8:40  Roach x7  
  92  8:41  Roach x3  
  101  8:51  Roach x2  
  101  8:54  Zergling x16  
  101  8:57  Queen  
  101  8:58  Queen  
  101  9:00  Queen  
  104  9:03  Roach x5  
  104  9:07  Glial Reconstitution  
  109  9:10  Roach, Muscular Augments  
  109  9:11  Roach x4  
  115  9:23  Swarm Host x5  
  127  9:41  Overseer  
  127  9:42  Swarm Host x5  
  127  9:44  Overlord x3  
  142  9:49  Hatchery  
  141  9:53  Unknown  
  137  10:03  Zergling x12  
  137  10:05  Zerg Melee Weapons Level 2, Zerg Missile Weapons Level 2  
  138  10:08  Swarm Host x7  
  159  10:15  Drone x3, Nydus Network  
  159  10:16  Drone  
  158  10:26  Zergling x10  
  157  10:31  Corruptor x3  
  163  10:40  Corruptor  
  165  10:45  Drone x3  
  158  11:27  Hatchery  
  157  11:34  Queen  
  157  11:36  Queen  
  157  11:37  Overlord x8  
  157  11:38  Hatchery x2, Queen  
  157  11:44  Spine Crawler  
  150  11:51  Drone x3  
  150  11:52  Overlord x4  
  152  12:08  Nydus Canal  
  152  12:25  Nydus Canal  
  152  12:29  Zergling x14  
  132  12:47  Roach x8  
  132  12:48  Roach  
  138  12:56  Ravager x3  
  138  12:57  Ravager x4  
  139  13:00  Roach x5  
  139  13:03  Zergling x2  
  139  13:04  Zergling x2  
  145  13:15  Drone x5  
  150  13:20  Drone x3  
  145  13:31  Drone x5  
  138  13:37  Drone x2  
  138  13:38  Drone  
  141  13:42  Drone x2  
  141  13:47  Drone  
  144  13:53  Drone x2  
  144  13:54  Drone  
  139  13:59  Drone x3  
  142  14:09  Drone x4  
  135  14:14  Corruptor  
  122  14:20  Drone  
  122  14:21  Drone x5  
  128  14:26  Roach  
  128  14:30  Extractor  
  129  14:42  Hatchery  
  129  14:43  Roach  
  129  14:44  Roach x2  
  134  14:47  Nydus Canal  
  134  14:50  Drone  
  134  14:51  Drone x2  
  137  14:55  Hatchery  
  137  14:58  Roach x2  
  132  15:09  Nydus Canal  
  122  15:16  Roach x4  
  123  15:29  Drone x10  
  133  15:38  Drone x5  
  138  15:49  Drone  
  143  15:50  Drone x4  
  143  15:52  Extractor  
  143  15:53  Extractor  
  139  16:03  Spine Crawler x2  
  137  16:15  Drone x7  
  144  16:29  Roach x13  
  175  16:40  Ravager x9  
  179  16:51  Ravager x11  
  179  16:52  Ravager x2  
  179  16:53  Drone x6  
  179  16:54  Drone  
  184  17:20  Drone x12  
  190  17:24  Spine Crawler  
  190  17:25  Drone x3  
  190  17:26  Drone x3  
  190  17:27  Spine Crawler x2  
  193  17:32  Nydus Canal  
  193  17:37  Spine Crawler  
  193  17:38  Spine Crawler x2  
  193  17:39  Spine Crawler, Unknown  
  193  17:42  Spine Crawler  
  181  17:49  Corruptor x4  
  180  17:54  Roach x11  
  193  17:59  Spine Crawler x2  
  148  18:28  Spine Crawler  
  148  18:29  Spine Crawler  
  148  18:30  Spine Crawler  
  148  18:31  Overseer x2  
  148  18:33  Spine Crawler  
  144  18:35  Drone x10  
  144  18:41  Ravager x7  
  161  18:42  Ravager  
  161  18:44  Hatchery  
  161  18:47  Nydus Canal  
  156  18:55  Zergling x10  
  156  18:56  Zergling x2  
  156  19:01  Drone x3  
  164  19:04  Drone  
  162  19:28  Roach x6  
  173  19:42  Nydus Canal  
  166  19:50  Zergling x24  
  178  19:55  Infestation Pit  
  178  19:58  Evolution Chamber, Queen  
  178  19:59  Extractor  
  177  20:00  Evolution Chamber x2, Extractor  
  171  20:18  Zergling x2  
  171  20:19  Zergling x18  
  176  20:22  Zergling x18  
  182  20:32  Zergling x2  
  182  20:37  Zergling x16  
  182  20:41  Hive  
  181  21:01  Zergling x14  
  176  21:17  Zergling x26  
  185  21:22  Evolution Chamber  
  185  21:25  Drone x8  
  192  21:28  Spine Crawler x2  
  192  21:29  Spine Crawler  
  192  21:31  Roach x4  
  196  21:33  Baneling  
  196  21:34  Baneling x3  
  196  21:36  Nydus Canal  
  196  21:37  Ravager  
  196  21:38  Ravager  
  174  22:03  Zergling x2  
  174  22:04  Zergling x16  
  88  22:30  Swarm Host x12  
  88  22:37  Drone x7  
  104  22:44  Zergling x8  
  111  22:52  Hatchery  
  111  22:56  Nydus Canal  
Show
View Real Time Build Order
Export as new Build Order

llllllllllll Terran - Winner!

Build Orders: Reaper Expand, Hellion Banshee 

Get SALT Encoding   

  12  0:00  SCV  
  13  0:12  SCV  
  14  0:17  Supply Depot  
  14  0:26  SCV  
  15  0:38  SCV  
  15  0:40  Barracks  
  16  0:45  Refinery  
  16  0:50  SCV  
  17  1:02  SCV  
  18  1:15  SCV  
  19  1:27  Orbital Command  
  19  1:28  Reaper  
  20  1:39  Command Center  
  20  1:47  Supply Depot  
  20  1:53  SCV  
  21  2:00  Marine  
  22  2:06  SCV  
  22  2:08  Factory  
  23  2:18  Marine, SCV  
  25  2:31  SCV  
  26  2:38  Command Center  
  26  2:43  SCV  
  27  2:55  Hellion  
  27  2:57  Starport, SCV  
  27  2:58  Refinery  
  30  3:06  Orbital Command  
  30  3:16  SCV  
  30  3:18  Factory Tech Lab  
  31  3:27  Barracks Reactor  
  31  3:28  SCV  
  31  3:33  SCV  
  33  3:40  SCV  
  34  3:44  Banshee  
  34  3:45  SCV  
  34  3:48  Refinery  
  38  3:51  Orbital Command  
  38  3:52  SCV  
  39  3:57  SCV  
  40  4:04  SCV  
  40  4:09  SCV, Hellion x2  
  46  4:16  SCV  
  47  4:21  Supply Depot  
  47  4:22  SCV  
  49  4:24  SCV  
  49  4:28  SCV  
  50  4:32  Hellion x2  
  50  4:34  SCV  
  50  4:36  SCV  
  56  4:38  Banshee  
  56  4:41  SCV  
  56  4:43  Factory  
  56  4:44  Factory, Refinery, Supply Depot  
  60  4:50  SCV  
  61  4:53  SCV  
  61  4:56  SCV  
  61  4:57  Hellion x2  
  67  5:00  Supply Depot  
  67  5:02  SCV  
  67  5:06  SCV  
  69  5:08  SCV  
  70  5:14  SCV  
  71  5:22  SCV  
  71  5:23  SCV  
  71  5:24  Banshee, Hellion x2  
  79  5:30  SCV  
  80  5:41  Supply Depot  
  77  5:43  SCV  
  77  5:44  Supply Depot  
  77  5:49  Fusion Core  
  76  5:50  Orbital Command, Factory Tech Lab x2  
  76  6:05  Armory  
  76  6:06  Engineering Bay  
  76  6:07  Armory  
  76  6:09  Cyclone  
  79  6:11  Refinery  
  79  6:14  Refinery  
  79  6:16  Factory x2  
  79  6:19  SCV  
  79  6:23  SCV  
  81  6:34  Hellion x2  
  81  6:35  SCV x2  
  81  6:36  SCV  
  88  6:44  Supply Depot x2  
  88  6:47  Infernal Pre-Igniter, SCV x2  
  90  6:56  Supply Depot  
  90  6:57  Supply Depot  
  90  7:00  SCV  
  91  7:02  Factory Reactor, Factory Tech Lab  
  91  7:06  Cyclone, Battlecruiser  
  94  7:16  SCV x2  
  94  7:17  SCV  
  94  7:22  Cyclone  
  94  7:23  Cyclone  
  94  7:24  Hellion x2  
  94  7:28  SCV, Command Center  
  94  7:29  SCV  
  103  7:31  Supply Depot  
  103  7:35  SCV  
  104  7:37  Terran Vehicle Weapons Level 1  
  104  7:38  Terran Vehicle And Ship Armor Level 1  
  104  7:39  Cyclone  
  104  7:40  SCV, Hellion x2  
  104  7:42  SCV  
  113  7:47  SCV  
  112  7:57  Cyclone x2, Hellion  
  112  7:58  Hellion  
  122  8:01  SCV x3  
  125  8:05  Missile Turret  
  125  8:06  Missile Turret  
  125  8:09  Missile Turret  
  125  8:15  Refinery, Missile Turret  
  125  8:17  Refinery, Cyclone  
  125  8:18  SCV, Hellion x2  
  133  8:25  Supply Depot  
  133  8:29  Supply Depot  
  133  8:38  SCV  
  126  8:44  SCV x2  
  126  8:46  SCV  
  113  8:51  Cyclone, Hellion x4  
  113  8:52  Cyclone  
  113  8:53  SCV  
  125  8:56  SCV  
  125  9:02  SCV  
  128  9:16  Mag-Field Accelerator  
  119  9:21  Hellion x3  
  119  9:22  Cyclone, SCV x2, Hellion  
  121  9:41  Siege Tank x2  
  121  9:42  SCV x2  
  129  9:47  Factory  
  129  9:48  Factory  
  126  9:54  Hellion x3, Siege Tank  
  132  10:04  SCV x2  
  132  10:06  SCV  
  130  10:10  Planetary Fortress  
  129  10:15  Siege Tank x2  
  129  10:17  Hellion x3  
  129  10:19  Terran Vehicle Weapons Level 2  
  136  10:26  Siege Tank  
  136  10:27  SCV x3  
  142  10:33  Factory Tech Lab  
  142  10:37  Factory Reactor  
  142  10:38  Terran Vehicle And Ship Armor Level 2  
  142  10:39  SCV x2  
  142  10:45  SCV  
  142  10:47  Battlecruiser  
  149  10:51  SCV x3  
  152  10:59  Hellion x2, Siege Tank x3  
  155  11:10  SCV x2  
  150  11:14  SCV x2  
  150  11:15  Hellion x4  
  150  11:16  Siege Tank  
  150  11:18  Missile Turret x2  
  152  11:22  SCV x2  
  151  11:26  SCV  
  151  11:29  Hellion x2  
  151  11:31  SCV, Siege Tank  
  160  11:35  Siege Tank  
  163  11:43  Command Center  
  161  11:48  SCV  
  161  11:49  SCV  
  161  11:50  Hellion  
  161  11:53  Hellion  
  163  11:57  Hellion x4  
  171  12:05  Supply Depot  
  171  12:08  Refinery  
  171  12:10  Supply Depot x2  
  171  12:11  Refinery  
  171  12:26  Thor  
  171  12:27  Hellion  
  171  12:28  Hellion  
  171  12:29  Hellion  
  179  12:31  Thor  
  179  12:32  Hellion, Thor, Siege Tank  
  192  12:46  Hellion  
  192  12:47  Hellion  
  192  12:48  Hellion  
  192  12:49  Command Center  
  166  12:56  Hellion x2  
  165  13:04  Siege Tank  
  165  13:09  Siege Tank  
  166  13:16  Terran Vehicle Weapons Level 3, SCV x2  
  166  13:17  Terran Vehicle And Ship Armor Level 3  
  159  13:29  Hellion x5, Siege Tank x2  
  159  13:32  SCV  
  159  13:33  SCV x2  
  160  13:36  Siege Tank  
  157  13:54  Hellion, Siege Tank  
  157  13:55  Hellion  
  131  13:58  Orbital Command, SCV  
  131  14:01  Siege Tank x2  
  111  14:07  Hellion x3  
  106  14:20  Hellion x3  
  112  14:25  SCV x2  
  112  14:29  SCV  
  112  14:30  Siege Tank  
  112  14:37  SCV x2  
  112  14:38  Planetary Fortress  
  114  14:41  SCV  
  115  14:49  SCV x2  
  117  14:58  SCV  
  118  15:01  SCV  
  118  15:02  SCV  
  120  15:10  SCV  
  116  15:15  SCV  
  116  15:16  SCV x2  
  116  15:17  Hellion x2  
  119  15:23  SCV, Hellion x2, Siege Tank x3  
  119  15:27  SCV  
  125  15:28  SCV x2  
  125  15:35  SCV  
  126  15:39  SCV  
  126  15:40  SCV x2  
  125  15:47  SCV  
  124  15:51  SCV  
  124  15:52  SCV  
  124  15:53  SCV  
  127  15:57  Hellion x3  
  127  15:58  Hellion, Thor x4  
  159  16:10  Missile Turret x2  
  159  16:17  Unknown  
  165  16:25  Hellion x2  
  165  16:26  Hellion x3  
  165  16:27  SCV  
  169  16:44  Hellion  
  169  16:45  Hellion  
  169  16:46  SCV x2, Siege Tank x3  
  184  16:49  SCV  
  185  16:55  Planetary Fortress  
  185  16:58  SCV, Orbital Command  
  185  16:59  SCV  
  187  17:01  SCV  
  180  17:11  SCV  
  180  17:14  Hellion x3  
  180  17:15  Cyclone, Hellion x2  
  169  17:17  SCV x2  
  169  17:18  Cyclone  
  154  17:33  SCV  
  154  18:12  Terran Ship Weapons Level 1  
  144  18:22  SCV x2  
  141  18:28  Cyclone x3  
  141  18:29  Cyclone, Hellion  
  141  18:30  Hellion x4  
  159  18:37  Command Center  
  159  18:40  Command Center  
  159  18:44  Hellion  
  159  18:47  Refinery  
  159  18:48  Refinery  
  161  18:50  Command Center  
  161  18:51  Hellion  
  163  19:00  Cyclone  
  166  19:12  Hellion x5  
  166  19:13  Cyclone  
  179  19:17  Cyclone x2  
  175  19:29  Hellion  
  177  19:32  Cyclone  
  177  19:33  Hellion x2  
  183  19:45  Cyclone  
  181  19:49  Cyclone  
  181  19:52  Cyclone, Hellion x4  
  194  19:59  SCV  
  195  20:04  Cyclone  
  187  20:17  Cyclone  
  190  20:25  Hellion  
  190  20:26  Cyclone x2, Hellion x3  
  192  20:31  SCV x2  
  178  20:53  Hellion  
  178  20:54  Cyclone x2, Hellion x4  
  178  20:55  SCV x3  
  188  21:16  SCV  
  188  21:17  SCV x2  
  183  21:20  Planetary Fortress  
  183  21:32  SCV x3  
  186  21:33  Planetary Fortress  
  186  21:39  Missile Turret  
  186  21:40  Missile Turret  
  186  21:41  Siege Tank x4  
  186  21:42  Hellion, Missile Turret  
  186  21:45  Refinery  
  195  21:58  Refinery  
  184  22:07  Hellion x2  
  184  22:08  Hellion x3  
  185  22:09  SCV x2  
  185  22:13  Cyclone x2  
  184  22:20  Hellion x3  
  184  22:21  SCV x2  
  167  22:30  Hellion x2  
  170  22:44  Hellion x4  
Tags
 
Add a new tag
Caveats
  • Supply blocks, unpowered buildings, or Contaminate may cause inaccurate times.
  • Supply counts are checked every 10 seconds.